 Dungeon Crawl Stone Soup version 0.29-a0-322-g68df515428 (webtiles) character file.

Game seed: 7811917313879833917

133784 siradein the Summoner (level 17, -23/140 HPs)
             Began as an Octopode Summoner on Apr 7, 2022.
             Was an Initiate of Gozag.
             Killed from afar by a merfolk aquamancer (51 damage)
             ... with a ball of steam
             ... on level 4 of the Shoals.
             The game lasted 03:37:12 (45120 turns).

siradein the Summoner (Octopode Summoner)          Turns: 45120, Time: 03:37:13

Health: -23/140    AC: 19    Str: 23    XL:     17   Next: 15%
Magic:  9/31       EV: 14    Int: 31    God:    Gozag
Gold:   2932       SH:  0    Dex: 13    Spells: 1/37 levels left

rFire   x . .      SeeInvis .     - Unarmed
rCold   + + +      Faith    .   (shield currently unavailable)
rNeg    + . .      Spirit   .   (helmet currently unavailable)
rPois   +          Reflect  .   h - amulet "Koicot" {RegenMP Str+4}
rElec   .          Harm     .   f - +4 ring of protection
rCorr   .          Rampage  .   x - ring of wizardry
Will    +....                   C - ring of protection from cold
Stlth   ++........              L - +4 ring of protection
HPRegen 0.33/turn               R - +6 ring of intelligence
MPRegen 0.62/turn               p - +6 ring of strength
                                I - ring of positive energy
                                X - +6 ring of strength

@: ice-form, wereblooded, gold aura
A: freezing attack, boosted hp, almost no armour, amphibious, 8 rings, large,
(camouflage 1), (gelatinous body 1), (nimble swimmer 1), (tentacles)
a: End Transformation, Renounce Religion, Potion Petition, Call Merchant, Bribe
Branch


You were on level 4 of the Shoals.
You worshipped Gozag.
Gozag was most pleased with you.
You were a creature of crystalline ice.
You visited 5 branches of the dungeon, and saw 28 of its levels.
You visited the Abyss 1 time.
You also visited: Sewer and Bailey.

You collected 8065 gold pieces.
You spent 3671 gold pieces at shops.
You paid 1462 gold pieces to Gozag.

Inventory:

Hand Weapons
 V - the +8 whip "Snakebite" {venom, curare, rPois}
   (You found it on level 3 of the Lair of Beasts)

   It poisons the flesh of those it strikes.
   It occasionally inflicts asphyxiating poison on those it strikes, dealing
   poison damage and causing slowness.
   rPois:     It protects you from poison.
Missiles
 H - a throwing net
Armour
 d - an orb of energy
 O - the +2 hood of the Assassin (melded) {Detection Stab+ Stlth++}
   (You bought it in a shop on level 7 of the Dungeon)

   It allows the wearer to sense nearby creatures.
   It allows the wearer to make particularly effective stabbing attacks against
   helpless or unaware enemies with any weapon.
   Stlth:     It makes you much more stealthy.
 Y - a +0 buckler (melded)
Magical Staves
 w - a staff of cold (melded)
 P - a staff of earth
Jewellery
 f - a +4 ring of protection (left front paw)
 h - the amulet "Koicot" (around neck) {RegenMP Str+4}
   (You bought it in a shop on level 3 of the Lair of Beasts)

   [amulet of magic regeneration]

   It increases your rate of magic regeneration.
   Str:       It affects your strength (+4).
 p - a +6 ring of strength (on tentacle)
 x - a ring of wizardry (right front paw)
 C - a ring of protection from cold (on tentacle)
 I - a ring of positive energy (on tentacle)
 L - a +4 ring of protection (on tentacle)
 M - a ring of resist corrosion
 R - a +6 ring of intelligence (on tentacle)
 X - a +6 ring of strength (on tentacle)
Wands
 t - a wand of polymorph (13)
 D - a wand of iceblast (11)
 K - a wand of paralysis (5)
 N - a wand of flame (31)
 Q - a wand of mindburst (9)
 T - a wand of charming (7)
 W - a wand of digging (23)
Scrolls
 b - 4 scrolls of fog
 e - 9 scrolls of blinking
 i - 5 scrolls of enchant armour
 j - a scroll of summoning
 k - 17 scrolls of teleportation
 m - a scroll of brand weapon
 n - 10 scrolls of enchant weapon
 u - 2 scrolls of holy word
 y - a scroll of magic mapping
 A - 2 scrolls of amnesia
 B - 3 scrolls of silence
 E - 2 scrolls of identify
 G - a scroll of fear
 S - 3 scrolls of immolation
Potions
 a - 5 potions of magic
 c - 13 potions of curing
 g - 6 potions of might
 l - 4 potions of invisibility
 o - 8 potions of brilliance
 q - 2 potions of resistance
 r - 6 potions of heal wounds
 s - 4 potions of cancellation
 v - 4 potions of ambrosia
 z - 6 potions of berserk rage
 F - 6 potions of mutation
 U - 3 potions of flight
Miscellaneous
 Z - a lightning rod (4/4)


   Skills:
 + Level 11.3 Fighting
 + Level 11.6 Dodging
 - Level 2.6 Stealth
 + Level 6.2 Shields
 + Level 11.3 Unarmed Combat
 + Level 10.7 Spellcasting
 - Level 5.0 Conjurations
 + Level 12.6 Summonings
 + Level 2.3 Translocations
 + Level 9.9 Transmutations
 - Level 5.0 Ice Magic
 + Level 11.2 Air Magic


You had one spell level left.
You knew the following spells:

 Your Spells              Type           Power      Damage    Failure   Level
a - Summon Lightning Spi  Summ/Air       74%        N/A       1%          4
b - Ice Form              Ice/Tmut       58%        N/A       1%          4
c - Wereblood             Tmut           67%        N/A       1%          2
d - Blink                 Tloc           62%        N/A       1%          2
e - Passwall              Tmut/Erth      39%        N/A       1%          2
f - Swiftness             Air            72%        N/A       1%          3
g - Apportation           Tloc           62%        N/A       1%          1
h - Summon Hydra          Summ           38%        N/A       6%          7
i - Call Canine Familiar  Summ           76%        N/A       1%          3
j - Freezing Cloud        Conj/Ice/Air   28%        6-21      1%          5
k - Spider Form           Tmut/Pois      47%        N/A       1%          3

Your spell library contained the following spells:

 Spells                   Type           Power      Damage    Failure   Level
 Summon Small Mammal      Summ           100%       N/A       0%          1
 Animate Skeleton         Necr           32%        N/A       1%          1
 Beastly Appendage        Tmut           100%       N/A       1%          1
 Freeze                   Ice            100%       1d11      1%          1
 Magic Dart               Conj           100%       1d8       1%          1
 Pain                     Necr           64%        1d7       1%          1
 Sandblast                Erth           32%        2d9       1%          1
 Sting                    Tmut/Pois      100%       1d8       1%          1
 Call Imp                 Summ           76%        N/A       1%          2
 Corpse Rot               Necr/Air       100%       N/A       1%          2
 Ensorcelled Hibernation  Hex/Ice        64%        N/A       1%          2
 Poisonous Vapours        Pois/Air       100%       N/A       1%          2
 Searing Ray              Conj           94%        2d7       1%          2
 Dazzling Flash           Conj/Hex       64%        N/A       1%          3
 Frozen Ramparts          Ice            94%        1d11      1%          3
 Gell's Gravitas          Tloc           31%        N/A       1%          3
 Lesser Beckoning         Tloc           31%        N/A       1%          3
 Stone Arrow              Conj/Erth      64%        3d11      1%          3
 Summon Guardian Golem    Hex/Summ       54%        N/A       1%          3
 Teleport Other           Tloc           31%        N/A       1%          3
 Hailstorm                Conj/Ice       47%        3d11      1%          4
 Irradiate                Conj/Tmut      29%        3d23      1%          5
 Summon Forest            Summ/Tloc      29%        N/A       1%          5
 Vampiric Draining        Necr           16%        2d7       3%          3
 Silence                  Hex/Air        25%        N/A       3%          5
 Fulminant Prism          Conj/Hex       16%        3d11      4%          4
 Sticky Flame             Conj/Fire      32%        2d5       4%          4
 Olgreb's Toxic Radiance  Pois           16%        N/A       12%         4
 Manifold Assault         Tloc           31%        N/A       12%         5
 Eringya's Noxious Bog    Tmut/Pois      23%        N/A       24%         6
 Agony                    Necr           16%        N/A       32%         5
 Excruciating Wounds      Necr           8%         N/A       32%         5
 Dispersal                Tloc           15%        N/A       52%         6
 Chain Lightning          Conj/Air       30%        3d40      100%        9


Dungeon Overview and Level Annotations

Branches:
Dungeon (15/15)            Temple (1/1) D:7            Lair (6/6) D:11
 Shoals (4/4) Lair:3        Snake (0/4) Lair:2        Slime (0/5) Lair:6
    Orc (2/2) D:11            Elf (0/3) Orc:2        Vaults (0/5) D:13
 Depths (0/4) D:15          Sewer (visited)          Bailey (visited)

Altars:
Ashenzari
Cheibriados
Dithmenos
Elyvilon
Fedhas
Gozag
Hepliaklqana
Kikubaaqudgha
Makhleb
Nemelex Xobeh
Okawaru
Qazlal
Ru
Sif Muna
Trog
Uskayaw
Vehumet
Wu Jian
Xom
Yredelemnul
Zin
The Shining One
Beogh

Shops:
D:7 [   D:11 [(   D:12 :   D:14 (   Orc:2 :?([*   Lair:3 =

Annotations:
D:13 2 transporters, fabreeze's ghost, journeyman DsAr


Innate Abilities, Weirdness & Mutations

You are a creature of crystalline ice.
You have a powerful freezing melee attack.
Your maximum health is increased.
Your armour is entirely melded.
You are incapable of wielding weapons or throwing items.
You cannot wear most types of armour.
You are amphibious.
You can wear up to eight rings at the same time.
((Your skin changes colour to match your surroundings (Stealth+).))
((Your rubbery body absorbs attacks. (AC +1, EV +1)))
((You are camouflaged when in or above water. (Stealth+)))
((You have tentacles for arms and can constrict up to eight enemies at once.))


Message History

A four-headed hydra appears.
The merfolk siren is engulfed in freezing vapours.
The merfolk siren chants its luring song.
The water elemental is engulfed in freezing vapours. x2
The manticore is distracted by your dazzling golden aura.
Unknown command.
You pummel the sea snake!! You freeze the sea snake!
The sea snake is severely wounded.
The water elemental is no longer distracted by gold.
The merfolk siren is engulfed in freezing vapours.
You break out of your daze!
You kill the merfolk siren!
You hear a splash.
The sea snake bites you.
* * * LOW HITPOINT WARNING * * *
A merfolk impaler comes into view.
It is wielding a +4 trident of freezing.
Unknown command.
Unknown command.
You swap places.
The water elemental attacks as you move away!
The water elemental misses you.
The water elemental is engulfed in freezing vapours.
Your four-headed hydra bites the sea snake.
Your four-headed hydra misses the sea snake.
Your four-headed hydra bites the sea snake.
Your four-headed hydra misses the sea snake.
The sea snake barely misses your four-headed hydra.
There is a stone staircase leading up here.
Unknown command.
Your four-headed hydra completely misses the sea snake.
Your four-headed hydra misses the sea snake.
Your four-headed hydra bites the sea snake!
The sea snake dies!
Your four-headed hydra bites the water elemental but does no damage.
The water elemental misses you.
The merfolk aquamancer points at you and mumbles some strange words.
The ball of steam hits your four-headed hydra!!
The ball of steam hits you!!! The steam scalds you terribly!
You die...
Your body crumbles into a pile of gold.

...m........≈# [≈≈# ≈≈
≈..D#####..≈≈# ≈"≈≈#≈≈≈≈
..8##m..##m$≈##≈H≈##≈≈≈≈
≈..#m.m..#...≈##'##≈≈≈≈≈
≈.§'mHm..#..m.§§§§≈≈≈≈≈≈
≈..#mm...#..mm§§§§≈m≈≈≈≈
≈≈.##.m.##....§.≈≈≈≈≈≈≈≈
≈≈≈.#####.....)DE≈≈≈≈≈≈≈
≈≈≈≈≈......m...EY≈≈≈≈≈≈≈
≈≈≈≈≈≈≈≈.......≈≈≈≈≈≈≈≈≈
≈≈≈≈≈≈≈≈≈.....≈≈≈≈≈≈≈≈≈≈
≈≈≈≈≈...≈≈....≈≈≈≈≈≈≈≈≈≈
≈≈≈≈≈≈..≈≈≈..≈≈≈≈≈≈≈≈≈≈≈
≈≈≈≈≈≈≈≈≈≈≈≈≈≈≈≈≈≈≈≈≈≈≈≈
≈≈≈≈≈≈≈≈≈≈≈≈≈≈≈≈≈≈≈≈≈≈≈≈
≈≈≈≈≈≈≈≈≈≈≈≈≈≈≈≈≈≈≈≈≈≈≈≈
≈≈≈≈≈≈≈≈≈≈≈≈≈≈≈≈≈≈≈≈≈≈≈


You could see 2 merfolk impalers, a merfolk javelineer, a manticore, 2 water
elementals and a friendly four-headed hydra (summoned).

Vanquished Creatures
  Frances (D:12)
  Azrael (D:12)
  A deep elf annihilator (D:14)
  2 merfolk impalers
  3 vault guards (D:13)
  2 boulder beetles (D:14)
  2 centaur warriors
  A merfolk aquamancer (Shoals:1)
  A two-headed ogre (D:15)
  A satyr (Shoals:3)
  An orc high priest (Orc:2)
  3 sea snakes
  11 harpies
  A wizard (D:14)
  An ugly thing (D:13)
  2 oklob plants (Lair:6)
  6 fauns
  6 orc sorcerers
  3 manticores
  2 elephants (Lair:6)
  4 merfolk sirens
  Maurice (Orc:1)
  4 water nymphs
  A cane toad (Lair:4)
  3 nameless horrors
  2 efreet (D:14)
  2 freezing wraiths (D:12)
  A polar bear (Lair:6)
  A wolf spider simulacrum (D:14)
  5 merfolk
  A hornet (Lair:6)
  4 blink frogs
  8 slime creatures
  A snapping turtle (Shoals:4)
  4 spriggans (Lair:6)
  A vampire (D:12)
  6 water elementals
  2 humans (D:13)
  4 yaks
  2 fire elementals (D:12)
  4 vampire mosquitoes
  2 wargs
  2 acid dragons
  3 water moccasins
  2 hell hounds (D:12)
  10 orc warriors
  A sky beast (shapeshifter) (D:14)
  2 ice beasts
  A black bear (Lair:6)
  3 ogres
  3 wolves (Lair:6)
  4 centaurs
  A phantom (D:4)
  A kobold brigand (Sewer)
  3 bullfrogs
  A wight (D:6)
  An electric eel (D:11)
  2 hounds (D:11)
  A jelly (D:5)
  10 orc priests
  An iguana (D:6)
  14 orc wizards
  A gnoll (D:8)
  2 dart slugs
  15 orcs
  2 endoplasms
  2 giant cockroaches
  5 hobgoblins
  A jackal (D:4)
  3 kobolds
  2 quokkas (D:2)
  2 ball pythons
  A bat (D:1)
  A frilled lizard (D:2)
  A rat (D:1)
218 creatures vanquished.

Vanquished Creatures (collateral kills)
  A dire elephant (D:15)
  The ghost of Buqosi the Gelid, a journeyman BaIE of Vehumet (Lair:5)
  A merfolk impaler (Shoals:3)
  A fire dragon (shapeshifter) (D:15)
  4 boulder beetles
  2 catoblepae
  2 ogre magi
  A merfolk avatar (Shoals:4)
  2 vault guards (D:13)
  10 hydras
  A satyr (Shoals:2)
  2 death knights
  8 two-headed ogres
  6 death yaks (Lair:5)
  Amaemon (Lair:2)
  6 sea snakes
  5 skeletal warriors (D:14)
  3 orc knights
  2 deep elf pyromancers
  7 harpies
  7 ugly things
  2 orc sorcerers
  A wolf spider (D:15)
  3 fauns
  2 oklob plants (Lair:6)
  4 merfolk sirens
  5 cyclopes
  10 elephants
  6 manticores
  8 black mambas
  3 water nymphs
  Maggie (D:7)
  Joseph (Lair:1)
  11 cane toads
  An orange demon (Lair:2)
  An unseen horror (D:10)
  12 komodo dragons
  A rime drake (shapeshifter) (D:15)
  A freezing wraith (D:12)
  6 trolls
  8 merfolk
  9 slime creatures
  2 wind drakes (Shoals:1)
  6 hornets
  Grinder (D:5)
  6 polar bears
  12 blink frogs
  15 dream sheep
  3 snapping turtles
  A water elemental (Shoals:3)
  A vampire (D:12)
  13 spriggans (Lair:6)
  3 wyverns
  27 yaks
  A shadow (D:12)
  3 basilisks
  3 wraiths
  A fire elemental (D:12)
  Eustachio (D:4)
  A steam dragon (D:9)
  2 nagas (Lair:2)
  3 vampire mosquitoes
  An acid dragon (D:11)
  16 water moccasins
  A hell hound (D:12)
  An ice beast (D:7)
  11 orc warriors
  7 black bears
  6 centaurs
  An ogre (Orc:1)
  3 boggarts (Lair:6)
  17 wolves
  2 kobold brigands
  9 bullfrogs
  4 scorpions
  A gnoll sergeant (D:8)
  9 wights
  6 killer bees (D:9)
  3 howler monkeys (D:7)
  An electric eel (Lair:5)
  7 orc priests
  5 hounds
  3 iguanas
  23 orc wizards
  13 gnolls
  3 river rats
  10 adders
  3 shadow imps
  2 white imps (D:6)
  An ufetubus (D:6)
  2 worms
  2 dart slugs
  39 orcs
  3 bats
  5 endoplasms
  4 giant cockroaches
  10 goblins
  4 hobgoblins
  4 jackals
  9 kobolds
  2 quokkas
  6 ball pythons
  4 frilled lizards
  8 rats
545 creatures vanquished.

Vanquished Creatures (others)
  50 fungi
  85 plants
135 creatures vanquished.

Grand Total: 898 creatures vanquished

Notes
Turn   | Place    | Note
-------+----------+-------------------------------------------
     0 | D:1      | siradein the Octopode Summoner began the quest for the Orb.
     0 | D:1      | Reached XP level 1. HP: 11/11 MP: 3/3
   245 | D:1      | Reached XP level 2. HP: 9/17 MP: 1/5
   248 | D:1      | Learned a level 2 spell: Call Imp
   693 | D:1      | Found a faded altar of an unknown god.
  1167 | D:2      | Reached XP level 3. HP: 21/21 MP: 3/6
  1278 | D:2      | Reached skill level 5 in Summonings
  1282 | D:2      | Learned a level 3 spell: Call Canine Familiar
  1928 | D:2      | Found a sacrificial altar of Ru.
  2469 | D:3      | You fall into a shaft and drop 3 floors!
  2506 | D:5      | Entered Level 5 of the Dungeon
  2590 | D:5      | Reached XP level 4. HP: 21/27 MP: 2/7
  2608 | D:5      | Found a glowing drain.
  2613 | Sewer    | Entered a sewer
  2756 | Sewer    | Noticed a kobold brigand
  2771 | Sewer    | Killed a kobold brigand
  2772 | Sewer    | Reached skill level 1 in Fighting
  2772 | Sewer    | Reached skill level 1 in Unarmed Combat
  2772 | Sewer    | Reached XP level 5. HP: 33/33 MP: 6/8
  3245 | Sewer    | Noticed a kobold brigand
  3270 | Sewer    | Killed a kobold brigand
  3271 | Sewer    | Reached XP level 6. HP: 39/39 MP: 4/10
  3323 | Sewer    | Learned a level 4 spell: Summon Lightning Spire
  3657 | D:5      | Noticed an ice beast
  3688 | D:5      | Killed an ice beast
  3877 | D:5      | Noticed Grinder
  4120 | D:5      | Reached skill level 6 in Summonings
  4157 | D:5      | Noticed a black bear
  4184 | D:5      | Killed a black bear
  4185 | D:5      | Reached skill level 1 in Air Magic
  4185 | D:5      | Reached XP level 7. HP: 45/45 MP: 6/11
  5849 | D:4      | Reached XP level 8. HP: 52/52 MP: 7/13
  5945 | D:4      | Noticed Eustachio
  5979 | D:4      | Killed Eustachio
  6146 | D:4      | Found a shadowy altar of Dithmenos.
  6529 | D:5      | Killed Grinder
  6689 | D:5      | Found an iron altar of Okawaru.
  6696 | D:5      | Found a hazy altar of Hepliaklqana.
  6704 | D:5      | Found a stormy altar of Qazlal.
  6714 | D:5      | Found an ancient bone altar of Kikubaaqudgha.
  6722 | D:5      | Found a shimmering blue altar of Sif Muna.
  6730 | D:5      | Found a sparkling altar of Nemelex Xobeh.
  6735 | D:5      | Found a glowing golden altar of the Shining One.
  7691 | D:6      | Reached skill level 7 in Summonings
  7800 | D:6      | Reached XP level 9. HP: 46/58 MP: 11/15
  8187 | D:7      | Noticed Maggie
  8413 | D:7      | Reached skill level 5 in Dodging
  8469 | D:7      | Found a staircase to the Ecumenical Temple.
  8478 | Temple   | Entered the Ecumenical Temple
  8518 | Temple   | Became a worshipper of Gozag Ym Sagoz the Greedy
  8813 | D:7      | Killed Maggie
  8814 | D:7      | Reached skill level 5 in Fighting
  8814 | D:7      | Reached skill level 5 in Spellcasting
  9035 | D:7      | Found Ruigram's Armour Shop.
  9273 | D:8      | Found a bloodstained altar of Trog.
  9277 | D:8      | Found a sacrificial altar of Ru.
  9577 | D:8      | Found a flagged portal.
  9594 | Bailey   | Entered a bailey
  9752 | Bailey   | Reached skill level 5 in Unarmed Combat
 10246 | Bailey   | Noticed an orc knight
 10275 | Bailey   | Killed an orc knight
 10276 | Bailey   | Reached XP level 10. HP: 66/66 MP: 6/18
 10577 | D:8      | Reached skill level 5 in Air Magic
 10903 | D:8      | Reached skill level 8 in Summonings
 11155 | D:8      | Learned a level 2 spell: Passwall
 11407 | D:8      | Learned a level 3 spell: Swiftness
 11951 | D:9      | Reached skill level 1 in Transmutations
 12937 | D:10     | Entered Level 10 of the Dungeon
 13290 | D:10     | Killed an unseen horror
 13514 | D:10     | Noticed a two-headed ogre
 13523 | D:10     | Killed a two-headed ogre
 13729 | D:10     | Noticed a two-headed ogre
 13735 | D:10     | Paralysed by a hornet for 2 turns
 13749 | D:10     | Killed a two-headed ogre
 13750 | D:10     | Reached XP level 11. HP: 21/72 MP: 5/20
 14692 | D:7      | Bought the +2 hood of the Assassin {Detection Stab+
                  | Stlth++} for 960 gold pieces
 14692 | D:7      | Found the +2 hood of the Assassin {Detection Stab+ Stlth++}
 14843 | D:11     | Found a staircase to the Orcish Mines.
 14843 | D:11     | Found Duemauzu's Armour Shoppe.
 14843 | D:11     | Found Cas Yloass's Weapon Shoppe.
 14950 | D:11     | Noticed a manticore
 15015 | D:11     | Killed a manticore
 15091 | D:11     | Noticed a deep elf pyromancer
 15107 | D:11     | Killed a deep elf pyromancer
 15603 | D:11     | Found a staircase to the Lair.
 15772 | D:11     | Noticed a cyan ugly thing
 16036 | Lair:1   | Entered Level 1 of the Lair of Beasts
 16067 | Lair:1   | Reached skill level 9 in Summonings
 17477 | Lair:1   | Noticed Joseph
 17520 | Lair:1   | Killed Joseph
 17809 | Lair:1   | Reached XP level 12. HP: 49/81 MP: 9/22
 18141 | Lair:2   | Noticed Amaemon
 18368 | Lair:2   | Found a staircase to the Snake Pit.
 18776 | Lair:2   | Killed Amaemon
 18897 | Lair:2   | Reached skill level 5 in Transmutations
 19424 | Lair:3   | Identified the +9 falchion "Lotuq" {vorpal, rC+}
 19607 | Lair:3   | Learned a level 1 spell: Apportation
 19680 | Lair:3   | Noticed a five-headed hydra
 19696 | Lair:3   | Killed a five-headed hydra
 20052 | Lair:3   | Found a staircase to the Shoals.
 20269 | Lair:3   | Noticed a catoblepas
 20295 | Lair:3   | Killed a catoblepas
 20296 | Lair:3   | Reached skill level 10 in Summonings
 20763 | Lair:3   | Reached XP level 13. HP: 88/88 MP: 16/25
 21055 | Lair:3   | Found the +8 whip "Snakebite" {venom, curare, rPois}
 21732 | Lair:3   | Bought the amulet "Koicot" {RegenMP Str+4} for 635 gold
                  | pieces
 23483 | Lair:5   | Found a runed translucent door.
 23484 | Lair:5   | Noticed Buqosi's ghost (journeyman BaIE)
 24069 | Lair:6   | Entered Level 6 of the Lair of Beasts
 26167 | Lair:6   | Reached XP level 14. HP: 97/97 MP: 26/26
 26301 | Lair:6   | Reached skill level 11 in Summonings
 26814 | Lair:6   | Reached skill level 1 in Shields
 27328 | Lair:6   | Reached skill level 10 in Dodging
 28326 | Lair:6   | Found a staircase to the Slime Pits.
 28846 | D:12     | Noticed Frances
 29273 | D:12     | Reached skill level 10 in Unarmed Combat
 29298 | D:12     | Reached skill level 10 in Fighting
 29552 | D:12     | Noticed Azrael
 29577 | D:12     | Bought Sif Muna's Grimoire of Air for 598 gold pieces
 29577 | D:12     | Bought a book of Changes for 234 gold pieces
 29581 | D:12     | Learned a level 3 spell: Spider Form
 29584 | D:12     | Learned a level 2 spell: Wereblood
 29590 | D:12     | Learned a level 5 spell: Freezing Cloud
 29642 | Orc:1    | Entered Level 1 of the Orcish Mines
 29733 | Orc:1    | Noticed Maurice
 29734 | Orc:1    | Found a shimmering blue altar of Sif Muna.
 29761 | Orc:1    | Killed Maurice
 30282 | D:12     | Bought the Tome of Lethal Snow for 520 gold pieces
 30306 | D:12     | Learned a level 4 spell: Ice Form
 30350 | Orc:2    | Entered Level 2 of the Orcish Mines
 30682 | Orc:2    | Reached skill level 1 in Ice Magic
 30812 | Orc:2    | Reached skill level 1 in Conjurations
 30812 | Orc:2    | Reached XP level 15. HP: 103/103 MP: 22/28
 31021 | Orc:2    | Found Deix's Antique Weapon Emporium.
 31035 | Orc:2    | Found Cacyich's Commerce Corner.
 31377 | Orc:2    | Found a staircase to the Elven Halls.
 31662 | Orc:2    | Found Arghifri's Antique Weapon Shoppe.
 31662 | Orc:2    | Found Edaimyan's Armour Shoppe.
 31663 | Orc:2    | Found Agow's Magic Scroll Emporium.
 31667 | Orc:2    | Found Pesiste's Book Emporium.
 31689 | Orc:2    | Bought a scroll of identify for 34 gold pieces
 31689 | Orc:2    | Bought a scroll of identify for 34 gold pieces
 31689 | Orc:2    | Bought a scroll of identify for 34 gold pieces
 31689 | Orc:2    | Bought a scroll of identify for 34 gold pieces
 32176 | D:12     | Reached skill level 10 in Air Magic
 32752 | D:12     | Killed Frances
 33149 | D:12     | Killed Azrael
 33803 | Orc:2    | Bought a Fen Folio for 588 gold pieces
 34187 | D:13     | Found a transporter.
 34207 | D:13     | Found a transporter.
 34211 | D:13     | Noticed fabreeze's ghost (journeyman DsAr)
 34675 | D:13     | Paralysed by an ogre mage for 4 turns
 34804 | D:13     | Found a gate to the Vaults.
 35271 | D:14     | Found Xim Donk's Weapon Boutique.
 35627 | D:14     | Cast into level 2 of the Abyss (a wizard)
 35632 | D:14     | Escaped the Abyss
 35671 | D:14     | Reached skill level 10 in Spellcasting
 35813 | D:14     | Got Zuum's Compendium of the Bruised Seers
 36067 | D:14     | Learned a level 7 spell: Summon Hydra
 36384 | D:15     | Entered Level 15 of the Dungeon
 36483 | D:15     | Reached skill level 12 in Summonings
 36621 | D:15     | Identified the +6 rapier "Jummyqism" {antimagic, Drain
                  | rElec Will++ Str+2}
 36921 | D:15     | Reached XP level 16. HP: 72/111 MP: 16/30
 37425 | D:15     | Found a staircase to the Depths.
 37808 | D:15     | Reached skill level 5 in Shields
 38532 | Lair:5   | Killed Buqosi's ghost
 40192 | Shoals:1 | Entered Level 1 of the Shoals
 43422 | Shoals:2 | Reached skill level 1 in Translocations
 44319 | Shoals:3 | Reached skill level 5 in Conjurations
 44321 | Shoals:3 | Reached skill level 5 in Ice Magic
 44366 | Shoals:3 | Reached XP level 17. HP: 116/117 MP: 19/31
 44370 | Shoals:3 | Learned a level 2 spell: Blink
 44487 | Shoals:3 | Identified the +2 whip of Necy {pain, rC+ Will- Int+3}
 44991 | Shoals:4 | Entered Level 4 of the Shoals
 45077 | Shoals:4 | Identified the +4 quarterstaff of Exquisite Torment
                  | {freeze, *Noise +Blink rElec rCorr}
 45120 | Shoals:4 | Killed from afar by a merfolk aquamancer

Illustrated notes

Levels and vault maps discovered:
D:1:      saegor_arrival_simple_c, layout_basic,
          shapermc_ecumenical_altar_mp_ritualfount
D:2:      layout_loops_ring, basic_altar, serial_bayou_lagoon_b
D:3:      layout_basic, lemuel_old_faithful
D:4:      layout_cave_pools, nicolae_dithmenos_shadow_blocks, uniq_eustachio
D:5:      layout_layer_cave, grunt_temple_overflow_octagram,
          portal_sewer_entry_e, uniq_grinder
D:6:      layout_rooms
D:7:      layout_loops_cross, minmay_temple_entry_antechambers, serial_shops,
          nicolae_shop_behind_doors, uniq_maggie
D:8:      layout_loops_cross, chequers_temple_overflow_statue_of_worship,
          enter_bailey_3
D:9:      layout_irregular_city
D:10:     layout_loops_corners
D:11:     layout_rooms, erik_lair_island, orc_david_3
D:12:     layout_loops_cross, kennysheep_small_square, uniq_azrael, uniq_frances
D:13:     layout_stronghold, grunt_vaults_entry_fortified,
          gammafunk_ghost_berserking_beasts, minivault_1, lightli_corner_chamber
D:14:     cheibrodos_wizards_tower, layout_loops_ring, serial_shops,
          nicolae_shop_hallway_stairs, minmay_circle_x
D:15:     hangedman_depths_entry_try_elsewhere_first, layout_stronghold
Temple:   nicolae_temple_hex_pool
Lair:1:   layout_concentric_octagons, grunt_megastairs_5, uniq_joseph
Lair:2:   layout_regular_city, minmay_snake_entry_guardpost_small, uniq_amaemon
Lair:3:   minmay_guarded_unrand_snakebite, layout_cave_shapes,
          elwin_shoals_entry_rooms, serial_bayou_crossing, lemuel_fruit_tree,
          serial_bayou_shore_a
Lair:4:   layout_regular_city, infiniplex_staircase_pool
Lair:5:   layout_hall_layers, ebering_ghost_reflecting_pool, enter_volcano_1,
          gammafunk_lair_bear_cave
Lair:6:   minmay_lair_end_enchanted_forest, layout_gridlike,
          minmay_slime_entry_oklob_open
Shoals:1: layout_shoals
Shoals:2: layout_shoals
Shoals:3: layout_shoals, nicolae_shoals_cliffside_cave
Shoals:4: shoals_end_simple, layout_shoals, shoal_ilsuiw
Orc:1:    layout_diamond_mine, basic_altar, led_sif_book, uniq_maurice
Orc:2:    st_orc_mages, layout_caves, serial_shops, shop, nicolae_alphabet_shops

Skill      XL: |  1  2  3  4  5  6  7  8  9 10 11 12 13 14 15 16 17 |
---------------+----------------------------------------------------+-----
Summonings     | 5 6 7 8 9 10 11 12 | 12.6
Fighting       | 1 2 3 4 5 6 7 8 9 10 11 | 11.3
Unarmed Combat | 1 2 3 4 5 6 7 8 9 10 11 | 11.3
Dodging        | 3 4 5 6 7 8 9 10 11 | 11.6
Spellcasting   | 3 4 5 6 7 8 9 10 | 10.7
Air Magic      | 1 2 3 4 6 7 8 9 10 11 | 11.2
Transmutations | 2 4 5 7 8 9 |  9.9
Shields        | 3 4 6 |  6.2
Ice Magic      | 1 3 5 |  5.0
Conjurations   | 1 3 5 |  5.0
Translocations | 1 2 |  2.3
Stealth        | |  2.6

Action                   |  1- 3 |  4- 6 |  7- 9 | 10-12 | 13-15 | 16-18 || total
-------------------------+-------+-------+-------+-------+-------+-------++-------
Melee: Unarmed           |    22 |       |     6 |       |   166 |   133 ||   327
       Constrict         |    11 |    10 |     7 |    13 |    22 |       ||    63
       Tentacles         |     8 |     5 |     8 |     7 |    42 |     2 ||    72
       Punch             |     2 |     1 |       |     1 |    18 |       ||    22
       Spear             |     8 |    18 |       |       |       |       ||    26
       Long sword        |     5 |       |       |       |       |       ||     5
       Dagger            |     4 |    20 |    31 |       |       |       ||    55
       Halberd           |       |       |       |    72 |     6 |       ||    78
       Whip              |       |       |       |       |   107 |       ||   107
       Staff             |       |       |       |       |     6 |     4 ||    10
 Fire: Hand crossbow     |       |     6 |    25 |       |       |       ||    31
 Cast: Summon Small Mamm |     3 |       |     2 |       |     5 |       ||    10
       Call Imp          |    27 |    10 |     9 |     1 |    10 |       ||    57
       Call Canine Famil |     1 |    15 |    42 |    79 |   126 |     5 ||   268
       Summon Lightning  |       |       |    47 |   105 |   175 |    56 ||   383
       Swiftness         |       |       |       |     2 |     6 |       ||     8
       Apportation       |       |       |       |     1 |       |       ||     1
       Ice Form          |       |       |       |       |    16 |    27 ||    43
       Spider Form       |       |       |       |       |    10 |     1 ||    11
       Wereblood         |       |       |       |       |     6 |     9 ||    15
       Freezing Cloud    |       |       |       |       |    58 |    27 ||    85
       Summon Hydra      |       |       |       |       |     9 |    53 ||    62
       Blink             |       |       |       |       |       |     1 ||     1
Invok: Call Merchant     |       |       |       |       |     2 |       ||     2
 Abil: End Transformatio |       |       |       |       |     2 |       ||     2
Evoke: Wand              |       |       |       |       |       |     1 ||     1
  Use: Scroll            |       |       |     9 |     7 |    14 |     4 ||    34
       Potion            |       |       |       |     3 |     1 |     1 ||     5
 Stab: Sleeping          |     2 |     1 |       |       |       |       ||     3
       Distracted        |       |     1 |     3 |     3 |     6 |     2 ||    15
Armor: Skin              |     4 |     4 |    10 |    26 |   126 |    97 ||   267
Dodge: Dodged            |    24 |    22 |    51 |    71 |   269 |   137 ||   574
Block: Other             |       |       |       |    11 |     1 |       ||    12
       Reflection        |       |       |       |     1 |       |       ||     1
       Buckler           |       |       |       |       |    10 |     4 ||    14

Table legend: (Time is in decaauts)
 A = Elapsed time spent in this place.
 B = Non-inter-level travel time spent in this place.
 C = Inter-level travel time spent in this place.
 D = Time resting spent in this place.
 E = Time spent auto-exploring this place.
 F = Levels seen in this place.
 G = Mean time per level.
                   A        B        C        D        E       F      G
               +--------+--------+--------+--------+--------+-----+--------+
         Total |  45170 |  43555 |   1615 |   5933 |  26275 |  31 | 1457.1 |
       Dungeon |  21620 |  20715 |    905 |   1457 |  14077 |  15 | 1441.3 |
        Temple |     73 |     73 |      0 |      0 |     51 |   1 |   73.0 |
          Lair |  15607 |  15115 |    492 |   4369 |   6685 |   6 | 2601.2 |
        Shoals |   3573 |   3502 |     71 |     11 |   2713 |   4 |  893.2 |
  Orcish Mines |   2305 |   2158 |    147 |     96 |   1358 |   2 | 1152.5 |
         Abyss |      4 |      4 |      0 |      0 |      0 |   1 |    4.0 |
         Sewer |   1014 |   1014 |      0 |      0 |    634 |   1 | 1014.0 |
        Bailey |    971 |    971 |      0 |      0 |    757 |   1 |  971.0 |
               +--------+--------+--------+--------+--------+-----+--------+

Top non-repeatable levels by time:
  Lair:6: 3565 daAuts
  Lair:3: 3523 daAuts
  Lair:5: 3176 daAuts
    D:12: 2476 daAuts
  Lair:1: 1930 daAuts
    D:11: 1877 daAuts
  Lair:4: 1793 daAuts
    D:15: 1701 daAuts
  Lair:2: 1617 daAuts
     D:5: 1604 daAuts
    D:10: 1603 daAuts
     D:9: 1561 daAuts
   Orc:2: 1470 daAuts
    D:13: 1439 daAuts
     D:3: 1368 daAuts
